 Dungeon Crawl Stone Soup version 0.18.1-48-g4cf74bf (webtiles) character file.

138 Inkary the Twirler (level 5, -3/45 HPs)
             Began as a Minotaur Gladiator on July 30, 2016.
             Slain by Grinder (6 damage)
             ... on level 3 of the Dungeon.
             The game lasted 00:02:23 (1880 turns).

Inkary the Twirler (Minotaur Gladiator)             Turns: 1880, Time: 00:02:24

Health: -3/45      AC:  8    Str: 20    XL:     5   Next: 1%
Magic:  4/4        EV: 14    Int:  5    God:
Gold:   149        SH:  0    Dex: 16    Spells: 0 memorised, 4 levels left

rFire  . . .     SeeInvis .     r - +1 hand axe (chop)
rCold  . . .     Gourm    .     s - +0 chain mail
rNeg   . . .     Faith    .     (no shield)
rPois  +         Spirit   .     c - +0 hat
rElec  .         Dismiss  .     (no cloak)
rCorr  .         Reflect  .     (no gloves)
SustAt .         Harm     .     (no boots)
MR     .....                    (no amulet)
Stlth  ..........               (no ring)
                                q - ring of poison resistance

@: agile, not resistant to hostile enchantments, extremely unstealthy
A: retaliatory headbutt, horns 2
a: no special abilities


You were on level 3 of the Dungeon.
You were not hungry.

You visited 1 branch of the dungeon, and saw 3 of its levels.

You collected 149 gold pieces.

Inventory:

Hand Weapons
 a - a +0 quarterstaff
 r - a +1 hand axe of chopping (weapon)
Missiles
 d - 3 throwing nets (quivered)
Armour
 c - a +0 hat (worn)
 s - a +0 chain mail (worn)
Jewellery
 q - a ring of poison resistance (left hand)
Wands
 v - a wand of acid (8/15)
Scrolls
 b - a scroll of random uselessness {unknown}
 e - a scroll of fog {unknown}
 h - 2 scrolls of teleportation {unknown}
 j - a scroll of noise {unknown}
 k - a scroll of recharging {unknown}
 l - 3 scrolls of enchant armour {unknown}
 m - 2 scrolls of magic mapping {unknown}
Potions
 g - a potion of haste {unknown}
 i - a potion of ambrosia {unknown}
 n - a potion of degeneration {unknown}
 p - a potion of brilliance {unknown}
Comestibles
 f - 2 bread rations
 t - 4 fruits
 u - a slice of pizza
 w - a chunk of flesh


   Skills:
 + Level 3.4 Fighting
 + Level 0.8 Axes
 - Level 4.3 Staves
 - Level 2.5 Throwing
 + Level 2.2 Armour
 + Level 4.3 Dodging


You had 4 spell levels left.
You didn't know any spells.

Dungeon Overview and Level Annotations

Branches:
Dungeon (3/15)

Altars:

Annotations:
D:3 Grinder


Innate Abilities, Weirdness & Mutations

You reflexively headbutt those who attack you in melee.
You have a pair of horns on your head.


Message History

You feel sick.
You are no longer poisoned.
Grinder hits you.
You writhe in agony.
You hit Grinder but do no damage.
Grinder is moderately wounded.
Grinder hits you.
You writhe in agony.
You closely miss Grinder.
Grinder is moderately wounded.
Grinder hits you.
* * * LOW HITPOINT WARNING * * *
You writhe in agony.
* * * LOW HITPOINT WARNING * * *
You are too injured to fight recklessly!
Drink which item? (? for menu, Esc to quit)
It was a potion of agility.
You feel agile all of a sudden. Grinder hits you.
* * * LOW HITPOINT WARNING * * *
You writhe in agony.
You die...

####.#.####..###
#...#........######
#.##.#.####.......##
##.#..........####.##
#......†.......###.##
#..........###..##.##
#.....>...†# #.......
#...<......###(....#.
#...@$...............
##..5...........####.
#..##...####...####.
#.. ................
#...#...######.####.
#.# #.## #.####. #.
.# #.##... ## #.##.#.
#.##.#.


You could see Grinder.

Vanquished Creatures
  Terence (D:2)
  Robin (D:2)
  2 adders (D:3)
  An ooze (D:1)
  5 dart slugs
  A giant gecko (D:3)
  An orc (D:3)
  A ball python (D:1)
  5 bats
  3 giant cockroaches
  11 hobgoblins
  4 jackals (D:1)
  7 kobolds
  A giant newt (D:1)
  12 goblins
  6 rats
62 creatures vanquished.

Notes
Turn   | Place    | Note
--------------------------------------------------------------
     0 | D:1      | Inkary the Minotaur Gladiator began the quest for the Orb.
     0 | D:1      | Reached XP level 1. HP: 18/18 MP: 0/0
    86 | D:1      | Reached XP level 2. HP: 10/25 MP: 1/1
   427 | D:1      | Reached XP level 3. HP: 12/31 MP: 2/2
   784 | D:1      | Reached skill level 1 in Armour
   861 | D:2      | Noticed Robin
   901 | D:2      | Killed Robin
   907 | D:2      | Reached XP level 4. HP: 24/38 MP: 3/3
  1003 | D:2      | Noticed Terence
  1007 | D:2      | Killed Terence
  1867 | D:3      | Reached XP level 5. HP: 38/45 MP: 4/4
  1873 | D:3      | Noticed Grinder
  1880 | D:3      | Slain by Grinder

Skill      XL: |  1  2  3  4 |
---------------+-------------+-----
Fighting       | 3 |  3.4
Staves         | 4 |  4.3
Armour         | 1 2 |  2.2
Dodging        | 4 |  4.3
Axes           | |  0.8
Throwing       | |  2.5

Action                   |  1- 3 |  4- 6 || total
-------------------------+-------+-------++-------
Melee: Quarterstaff      |    69 |     8 ||    77
       Headbutt          |    10 |     8 ||    18
       Hand axe          |       |    39 ||    39
  Use: Potion            |       |     1 ||     1
  Eat: Chunk             |       |     3 ||     3
Armor: Leather armour    |    13 |       ||    13
       Chain mail        |       |    25 ||    25
Dodge: Dodged            |    54 |    30 ||    84
